 Dungeon Crawl Stone Soup version 0.30-a0-159-g068b764562 (webtiles) character file.

Game seed: 17919986893886685656

34231 bande the Cleaver (level 13, 0/79 HPs)
             Began as a Gargoyle Fighter on Sept 27, 2022.
             Was the Champion of Okawaru.
             Slain by a catoblepas (18 damage)
             ... on level 4 of the Lair of Beasts.
             The game lasted 00:31:02 (20425 turns).

bande the Cleaver (Gargoyle Fighter)               Turns: 20425, Time: 00:31:02

Health: 0/79       AC: 42    Str: 23    XL:     13   Next: 76%
Magic:  20/20      EV: 11    Int: 11    God:    Okawaru [******]
Gold:   1445       SH: 11    Dex: 13    Spells: 11/12 levels left

rFire   . . .      SeeInvis .    a - +1 war axe (spect)
rCold   . . .      Faith    +    u - +1 kite shield
rNeg    + . .      Spirit   .    N - +8 chain mail of a Million Ziggurats {Str+4}
rPois   ∞          Reflect  .    (no helmet)
rElec   +          Harm     .    M - +2 cloak
rCorr   .          Rampage  .    p - +0 pair of gloves
Will    .....                    m - +1 pair of boots
Stlth   ..........               K - amulet of faith
HPRegen 0.23/turn                l - +4 ring of protection
MPRegen 0.17/turn                P - +4 ring of evasion

@: no status effects
A: sickness immunity, AC +9, negative energy resistance 1, electricity
resistance, torment resistance 1, petrification resistance, iridescent scales 1,
camouflage 1
a: Renounce Religion, Heroism, Finesse, Duel


You were on level 4 of the Lair of Beasts.
You worshipped Okawaru.
Okawaru was exalted by your worship.
You visited 2 branches of the dungeon, and saw 18 of its levels.
You also visited: Sewer.

You collected 1445 gold pieces.

Inventory:

Hand Weapons
 a - a +1 spectral war axe (weapon)
 D - a +3 flail
Armour
 m - a +1 pair of boots (worn)
 p - a +0 pair of gloves (worn)
 s - a +2 hat of intelligence
 u - a +1 kite shield (worn)
 M - a +2 cloak (worn)
 N - the +8 chain mail of a Million Ziggurats (worn) {Str+4}
   (Okawaru gifted it to you on level 11 of the Dungeon)

   Str:       It affects your strength (+4).
 S - the +0 cloak "Ledioz" {Fly rF+}
   (Okawaru gifted it to you on level 4 of the Lair of Beasts)

   rF:        It protects you from fire.
   Fly:       It grants you flight.
Jewellery
 e - a ring of ice
 l - a +4 ring of protection (left hand)
 r - a +6 ring of strength
 K - an amulet of faith (around neck)
 L - a ring of ice
 P - a +4 ring of evasion (right hand)
Wands
 v - a wand of iceblast (17)
 C - a wand of mindburst (14)
 E - a wand of paralysis (15)
 F - a wand of flame (3)
 H - a wand of digging (4)
 I - a wand of light (8)
 O - a wand of polymorph (14)
Scrolls
 b - 4 scrolls of fear
 c - 3 scrolls of fog
 g - 8 scrolls of teleportation
 h - 5 scrolls of enchant weapon
 i - 2 scrolls of amnesia
 k - 3 scrolls of poison
 q - 2 scrolls of brand weapon
 y - a scroll of magic mapping
 J - a scroll of enchant armour
 Q - a scroll of blinking
 R - a scroll of identify
Potions
 d - 3 potions of might
 f - 7 potions of curing
 j - 6 potions of heal wounds
 n - 2 potions of invisibility
 o - 3 potions of brilliance
 t - a potion of flight
 w - 2 potions of magic
 x - 3 potions of berserk rage
 z - 3 potions of cancellation
 A - 6 potions of haste
 B - 3 potions of ambrosia
 G - 2 potions of mutation


   Skills:
 + Level 8.6 Fighting
 + Level 11.9 Axes
 + Level 10.4 Armour
 + Level 8.0 Shields
 * Level 7.6 Translocations
 * Level 9.6 Invocations
 * Level 7.2 Evocations


You had 11 spell levels left.
You knew the following spells:

 Your Spells              Type           Power      Damage    Failure   Level
a - Apportation           Tloc           32%        N/A       22%         1

Your spell library contained the following spells:

 Spells                   Type           Power      Damage    Failure   Level
 Portal Projectile        Hex/Tloc       16%        N/A       97%         3
 Necrotise                Necr           0%         1d4       99%         1
 Ensorcelled Hibernation  Hex/Ice        0%         N/A       100%        2
 Passwall                 Tmut/Erth      0%         N/A       100%        2
 Frozen Ramparts          Ice            0%         1d1       100%        3
 Inner Flame              Hex/Fire       0%         N/A       100%        3
 Ozocubu's Armour         Ice            0%         N/A       100%        3
 Swiftness                Air            0%         N/A       100%        3
 Cause Fear               Hex            0%         N/A       100%        4
 Ice Form                 Ice/Tmut       0%         N/A       100%        4
 Blade Hands              Tmut           0%         N/A       100%        5
 Metabolic Englaciation   Hex/Ice        0%         N/A       100%        5
 Dispersal                Tloc           8%         N/A       100%        6
 Orb of Destruction       Conj           0%         9d5       100%        7
 Discord                  Hex            0%         N/A       100%        8
 Disjunction              Tloc           8%         N/A       100%        8
 Summon Small Mammal      Summ           Unusable   N/A       N/A         1
 Summon Guardian Golem    Hex/Summ       Unusable   N/A       N/A         3
 Tukima's Dance           Hex            Unusable   N/A       N/A         3
 Summon Ice Beast         Ice/Summ       Unusable   N/A       N/A         4
 Simulacrum               Ice/Necr       Unusable   N/A       N/A         6
 Spellforged Servitor     Conj/Summ      Unusable   N/A       N/A         7

Dungeon Overview and Level Annotations

Branches:
Dungeon (13/15)            Temple (0/1) D:4            Lair (5/5) D:11
  Swamp (0/4) Lair:2        Snake (0/4) Lair:2          Orc (0/2) D:9
  Sewer (visited)
  Slime: Lair:4-5    Vaults: D:13-14

Altars:
Ashenzari
Dithmenos
Elyvilon
Fedhas
Okawaru
Ru

Annotations:
D:5 2 transporters, Iusername's ghost, novice MiFi
D:11 exclusion: 2 oklob plants


Innate Abilities, Weirdness & Mutations

You are immune to sickness and miasma.
Your stone body is resilient. (AC +9)
You are immune to poison.
You resist negative energy. (rN+)
You are resistant to electric shocks. (rElec)
You are resistant to unholy torment.
You are immune to petrification.
You are partially covered in iridescent scales. (AC +2)
Your skin changes colour to match your surroundings (Stealth+).


Message History

The cane toad stings you! You block the cane toad's attack.
You block the catoblepas's attack.
You slash the catoblepas!
The catoblepas is moderately wounded.
You hit the cane toad.
Your +1 spectral war axe hits the cane toad.
You kill the cane toad!
Okawaru accepts your kill.
Your +1 spectral war axe hits the catoblepas.
You block the catoblepas's attack.
You slash the catoblepas!
The catoblepas is heavily wounded.
Your +1 spectral war axe barely misses the catoblepas.
The catoblepas gores you!!
Unknown command.
You hit the catoblepas.
The catoblepas is heavily wounded.
Your +1 spectral war axe hits the catoblepas but does no damage.
The catoblepas gores your +1 spectral war axe!
Your spectral weapon shares its damage with you!
* * * LOW HITPOINT WARNING * * *
You hit the catoblepas but do no damage.
The catoblepas is heavily wounded.
Your +1 spectral war axe hits the catoblepas but does no damage.
The catoblepas gores you but does no damage.
You slash the catoblepas!
The catoblepas is severely wounded.
Your +1 spectral war axe hits the catoblepas.
The catoblepas gores you but does no damage.
You hit the catoblepas but do no damage.
The catoblepas is severely wounded.
Your +1 spectral war axe hits the catoblepas.
The catoblepas gores your +1 spectral war axe but does no damage.
Unknown command.
You barely miss the catoblepas.
The catoblepas is severely wounded.
Your +1 spectral war axe hits the catoblepas.
Your +1 spectral war axe fades away.
The catoblepas gores you!!
You die...

#....###..###....##....†......
##...##....#.....#########....
#....'....P##....####.####....
#....###.###....#.##..##....^.
##....#### ##.................
##....#.######................)
#..............................
##P...........Y................
##...........@†...............
#............................
##...##.P..#................##
#....#....##.................#
##....#.PP.##.....#..###....##
#P....#..........##.####.....#
##....#....P....##P'###..P...#
#...#.....#P...###...........
#....#....##...##..........##


You could see a catoblepas.

Vanquished Creatures
  Gastronok (Lair:3)
  Snorg (D:10)
  Fannar (D:10)
  2 hydras (Lair:4)
  2 boulder beetles
  2 two-headed ogres
  A tengu warrior (D:8)
  Urug (D:10)
  Lodul (D:10)
  A bog body (Lair:2)
  A manticore (D:11)
  A cyclops (D:12)
  A black mamba (Lair:3)
  A gargoyle (D:7)
  8 cane toads
  2 rime drakes (Lair:1)
  2 torpor snails (Lair:4)
  An efreet (D:8)
  4 komodo dragons
  4 trolls
  A hornet (D:8)
  Grinder (D:4)
  6 blink frogs
  3 dream sheep (Lair:4)
  A shadow (D:10)
  3 wyverns
  2 wraiths
  33 yaks
  A basilisk (Lair:3)
  2 steam dragons
  10 vampire mosquitoes
  2 nagas (Lair:2)
  2 swamp worms (Lair:2)
  An acid dragon (D:8)
  22 water moccasins
  A sky beast (D:7)
  2 black bears
  5 ice beasts
  5 orc warriors
  12 wolves
  8 centaurs
  8 ogres
  A phantom (D:7)
  6 kobold brigands
  5 bullfrogs
  4 scorpions
  2 necrophages (D:6)
  3 gnoll sergeants
  14 wights
  5 killer bees (D:7)
  6 howler monkeys
  2 electric eels
  2 jellies
  4 gnoll boudas
  7 orc priests
  7 hounds
  Ijyb (D:5)
  3 iguanas
  10 orc wizards
  27 gnolls
  25 adders
  A river rat (Sewer)
  2 shadow imps (D:7)
  A white imp (D:6)
  3 worms
  3 dart slugs
  33 orcs
  6 endoplasms
  A giant cockroach (D:1)
  9 goblins
  3 hobgoblins
  3 jackals (D:4)
  27 kobolds
  2 quokkas
  17 ball pythons
  8 bats
  6 frilled lizards
  11 rats
439 creatures vanquished.

Vanquished Creatures (others)
  12 fungi
  28 plants
40 creatures vanquished.

Grand Total: 479 creatures vanquished

Notes
Turn   | Place    | Note
-------+----------+-------------------------------------------
     0 | D:1      | bande the Gargoyle Fighter began the quest for the Orb.
     0 | D:1      | Reached XP level 1. HP: 14/14 MP: 1/1
   124 | D:1      | Reached XP level 2. HP: 19/19 MP: 2/2
   904 | D:1      | Reached skill level 2 in Axes
   904 | D:1      | Reached XP level 3. HP: 9/24 MP: 3/3
  1405 | D:2      | HP: 1/24 [gnoll/+0 flail (2)]
  1408 | D:2      | Reached XP level 4. HP: 2/29 MP: 4/4
  2294 | D:3      | Reached skill level 3 in Axes
  2315 | D:3      | Noticed a scorpion
  2317 | D:3      | Found an iron altar of Okawaru.
  2321 | D:3      | Killed a scorpion
  2322 | D:3      | Reached XP level 5. HP: 31/33 MP: 5/5
  2347 | D:3      | Became a worshipper of Warmaster Okawaru
  2410 | D:3      | Identified the +0 robe "Ivoc" {rC+ rN+}
  2807 | D:4      | Noticed Grinder
  2818 | D:3      | Reached skill level 4 in Axes
  2818 | D:3      | Reached XP level 6. HP: 31/38 MP: 6/6
  2820 | D:3      | Reached skill level 1 in Invocations
  3099 | D:3      | Reached * piety under Okawaru
  3111 | D:4      | Paralysed by Grinder for 4 turns
  3127 | D:4      | Killed Grinder
  3128 | D:4      | Reached skill level 5 in Axes
  3128 | D:4      | Reached skill level 5 in Armour
  3128 | D:4      | Reached XP level 7. HP: 37/44 MP: 6/8
  3226 | D:4      | Learned a level 1 spell: Apportation
  3232 | D:4      | Found a staircase to the Ecumenical Temple.
  3731 | D:4      | Reached ** piety under Okawaru
  3832 | D:4      | Identified the +6 hand axe of Usheegev {vorpal, rC- MP+9
                  | Int+2}
  3959 | D:5      | Entered Level 5 of the Dungeon
  4127 | D:5      | Found a blossoming altar of Fedhas.
  4173 | D:5      | Found a transporter.
  4173 | D:5      | Noticed Iusername's ghost (novice MiFi)
  4214 | D:5      | Found a sacrificial altar of Ru.
  4272 | D:5      | Found a transporter.
  4297 | D:5      | Reached skill level 1 in Translocations
  4297 | D:5      | Reached XP level 8. HP: 48/48 MP: 9/9
  4431 | D:5      | Noticed Ijyb
  4436 | D:5      | Killed Ijyb
  4437 | D:5      | Reached skill level 6 in Axes
  5139 | D:6      | Reached skill level 5 in Fighting
  5273 | D:6      | Found a glowing drain.
  5294 | Sewer    | Entered a sewer
  6171 | D:6      | Reached skill level 1 in Evocations
  6222 | D:6      | Reached *** piety under Okawaru
  6223 | D:6      | Reached skill level 7 in Axes
  6223 | D:6      | Reached XP level 9. HP: 54/54 MP: 11/11
  7222 | D:7      | Noticed a gargoyle
  7237 | D:7      | Killed a gargoyle
  7724 | D:7      | Reached **** piety under Okawaru
  8438 | D:7      | Reached skill level 8 in Axes
  8448 | D:7      | Reached skill level 5 in Invocations
  8451 | D:7      | Reached XP level 10. HP: 45/60 MP: 13/13
  8880 | D:8      | Found a white marble altar of Elyvilon.
  8984 | D:8      | Found a broken altar of Ashenzari.
  9183 | D:8      | Reached ***** piety under Okawaru
  9386 | D:8      | Noticed a two-headed ogre
  9389 | D:8      | Noticed a tengu warrior
  9539 | D:8      | Killed a two-headed ogre
  9542 | D:8      | Reached skill level 5 in Shields
  9552 | D:8      | Killed a tengu warrior
  9889 | D:8      | Reached skill level 9 in Axes
 10265 | D:8      | Reached XP level 11. HP: 61/66 MP: 15/15
 10302 | D:8      | Received a gift from Okawaru
 10615 | D:9      | Reached skill level 5 in Translocations
 10721 | D:9      | Found a shadowy altar of Dithmenos.
 11321 | D:9      | Found a staircase to the Orcish Mines.
 11402 | D:10     | Entered Level 10 of the Dungeon
 11466 | D:10     | Noticed Fannar
 11484 | D:10     | Killed Fannar
 11484 | D:10     | Received a gift from Okawaru
 11806 | D:10     | Noticed Snorg
 11816 | D:10     | Killed Snorg
 11816 | D:10     | Reached ****** piety under Okawaru
 12201 | D:10     | Noticed Urug
 12210 | D:10     | Killed Urug
 12211 | D:10     | Reached skill level 5 in Evocations
 12486 | D:10     | Reached skill level 10 in Axes
 12572 | D:10     | Noticed Lodul
 12719 | D:10     | Paralysed by Lodul for 4 turns
 12728 | D:10     | Killed Lodul
 13030 | D:11     | Noticed a two-headed ogre
 13035 | D:11     | Noticed a boulder beetle
 13037 | D:11     | Killed a two-headed ogre
 13038 | D:11     | Reached XP level 12. HP: 72/72 MP: 17/17
 13277 | D:10     | Killed a boulder beetle
 13667 | D:11     | You fall into a shaft and drop 2 floors!
 13942 | D:11     | Identified the +8 chain mail of a Million Ziggurats {Str+4}
                  | (Okawaru gifted it to you on level 11 of the Dungeon)
 13942 | D:11     | Received a gift from Okawaru
 14487 | D:11     | Found a staircase to the Lair.
 14693 | Lair:1   | Entered Level 1 of the Lair of Beasts
 15050 | Lair:1   | Gained mutation: You are partially covered in iridescent
                  | scales. (AC +2) [potion of mutation]
 15050 | Lair:1   | Gained mutation: Your skin changes colour to match your
                  | surroundings (Stealth+). [potion of mutation]
 15960 | Lair:2   | Reached skill level 11 in Axes
 16407 | Lair:2   | Received a gift from Okawaru
 16411 | Lair:2   | Found a staircase to the Snake Pit.
 16900 | Lair:2   | Found a staircase to the Swamp.
 16903 | Lair:2   | Reached XP level 13. HP: 77/78 MP: 19/19
 17714 | Lair:3   | Noticed Gastronok
 17724 | Lair:3   | Killed Gastronok
 17725 | Lair:3   | Reached skill level 10 in Armour
 19222 | Lair:4   | Identified the +0 cloak "Ledioz" {Fly rF+} (Okawaru gifted
                  | it to you on level 4 of the Lair of Beasts)
 19222 | Lair:4   | Received a gift from Okawaru
 20397 | Lair:5   | Entered Level 5 of the Lair of Beasts
 20425 | Lair:4   | Slain by a catoblepas

Illustrated notes

Levels and vault maps discovered:
D:1:      kennysheep_arrival_forest, layout_basic
D:2:      layout_rooms
D:3:      layout_rooms, kennysheep_okawaru_gauntlet, minmay_distorted
D:4:      layout_rooms, minmay_temple_entry_arrows, uniq_grinder
D:5:      layout_basic, mainiacjoe_overflow_alcove_1, general_overflow_altar,
          gammafunk_ghost_arena, uniq_ijyb
D:6:      minmay_bubble_buster, layout_basic, cheibrodos_sewer_entry_bend
D:7:      layout_basic, minmay_chambers_of_fives
D:8:      kennysheep_windowed_halls, layout_basic, jmf_multi_god_temple,
          solitary_fountain
D:9:      layout_loops_cross, mainiacjoe_overflow_six_doors_small, orc_0_dummy
D:10:     layout_gridville, minmay_between, uniq_fannar, uniq_lodul, uniq_urug,
          uniq_snorg
D:11:     layout_long_grid, dpeg_oklobed_lair
D:12:     layout_gridville
D:13:     layout_cross, grunt_vaults_entry_tiered, uniq_josephine, uniq_rupert
Lair:1:   layout_small_grid, columned_hall_lemuel, grunt_megastairs_3,
          lemuel_fruit_tree
Lair:2:   layout_layer_cave, nicolae_swamp_entry_splash_gauntlet,
          guppyfry_snake_entry_garden
Lair:3:   layout_layer_cave, infiniplex_staircase_pool, uniq_gastronok
Lair:4:   lemuel_reptile_caves, layout_regular_city
Lair:5:   hangedman_lair_tendril_chambers, layout_small_grid,
          hangedman_lair_in_review, slime_entry_1

Skill      XL: |  1  2  3  4  5  6  7  8  9 10 11 12 13 |
---------------+----------------------------------------+-----
Axes           | 2 3 4 5 7 8 9 10 11 | 11.9
Armour         | 4 5 6 7 8 9 10 | 10.4
Fighting       | 4 5 6 7 8 |  8.6
Invocations    | 2 3 5 6 7 8 9 |  9.6
Translocations | 1 2 3 4 5 6 7 |  7.6
Shields        | 4 5 6 7 8 |  8.0
Evocations     | 1 3 4 5 6 7 |  7.2

Action                   |  1- 3 |  4- 6 |  7- 9 | 10-12 | 13-15 || total
-------------------------+-------+-------+-------+-------+-------++-------
Melee: War axe           |    58 |   105 |   197 |   444 |   201 ||  1005
       Flail             |       |       |       |       |    18 ||    18
  Use: Scroll            |       |     5 |    13 |    10 |     1 ||    29
       Potion            |       |       |     1 |     1 |       ||     2
 Stab: Distracted        |       |       |       |     8 |     6 ||    14
Armor: Scale mail        |    16 |       |       |       |       ||    16
       Chain mail        |    19 |   106 |   140 |   267 |   252 ||   784
       Plate armour      |       |       |       |    44 |       ||    44
Dodge: Dodged            |    29 |    66 |    76 |   131 |   106 ||   408
Block: Buckler           |    16 |    24 |    43 |    72 |       ||   155
       Kite shield       |       |       |       |   124 |   181 ||   305

Table legend: (Time is in decaauts)
 A = Elapsed time spent in this place.
 B = Non-inter-level travel time spent in this place.
 C = Inter-level travel time spent in this place.
 D = Time resting spent in this place.
 E = Time spent auto-exploring this place.
 F = Levels seen in this place.
 G = Mean time per level.
                   A        B        C        D        E       F      G
               +--------+--------+--------+--------+--------+-----+--------+
         Total |  20692 |  20353 |    339 |   5616 |  11504 |  19 | 1089.1 |
       Dungeon |  14519 |  14256 |    263 |   4303 |   7597 |  13 | 1116.8 |
          Lair |   5792 |   5716 |     76 |   1313 |   3671 |   5 | 1158.4 |
         Sewer |    380 |    380 |      0 |      0 |    235 |   1 |  380.0 |
               +--------+--------+--------+--------+--------+-----+--------+

Top non-repeatable levels by time:
    D:10: 1955 daAuts
     D:8: 1796 daAuts
  Lair:4: 1784 daAuts
  Lair:2: 1716 daAuts
     D:1: 1706 daAuts
     D:7: 1648 daAuts
     D:5: 1590 daAuts
     D:6: 1187 daAuts
  Lair:3: 1146 daAuts
  Lair:1: 1128 daAuts
    D:11: 1101 daAuts
     D:9: 1039 daAuts
     D:4: 875 daAuts
     D:3: 817 daAuts
     D:2: 637 daAuts
